 Dungeon Crawl Stone Soup version 0.23-a0-241-g3b46b07 (webtiles) character file.

832 roborgue7 the Ducker (level 7, -2/56 HPs)
             Began as a Gnoll Gladiator on Sept 27, 2018.
             Was a Believer of Kikubaaqudgha.
             Slain by a wight
             ... wielding a +2 flail of freezing
              (4 damage)
             ... on level 5 of the Dungeon.
             The game lasted 00:44:05 (3367 turns).

roborgue7 the Ducker (Gnoll Gladiator)              Turns: 3367, Time: 00:44:07

Health: -2/56      AC:  9    Str: 15 (17) XL:     7   Next: 98%
Magic:  11/11      EV: 14    Int: 13      God:    Kikubaaqudgha [**....]
Gold:   260        SH:  0    Dex: 18      Spells: 6/11 levels left

rFire    . . .     SeeInvis .   a - +0 trident
rCold    . . .     Gourm    .   (no shield)
rNeg     . . .     Faith    .   r - +1 ring mail
rPois    .         Spirit   .   c - +0 helmet
rElec    .         Reflect  .   l - scarf {cloud immunity}
rCorr    .         Harm     .   (no gloves)
MR       .....                  (no boots)
Stlth    +.........             (no amulet)
HPRegen  0.18/turn              j - +3 ring of intelligence
MPRegen  0.12/turn              (no ring)

@: heavily drained
A: distributed training, fangs 1, hooves 1, icy blue scales 1, deterioration 1,
strong nose
a: Receive Corpses, Renounce Religion


You were on level 5 of the Dungeon.
You worshipped Kikubaaqudgha.
Kikubaaqudgha was pleased with you.
You were not hungry.

You visited 1 branch of the dungeon, and saw 6 of its levels.

You collected 260 gold pieces.

Inventory:

Hand Weapons
 a - a +0 trident (weapon)
 p - a +0 blowgun
Missiles
 d - 138 stones (quivered)
 q - 13 poisoned needles
Armour
 b - a +0 leather armour
 c - a +0 helmet (worn)
 e - a +0 leather armour
 g - a +0 leather armour
 l - a scarf of cloud immunity (worn)
 r - a +1 ring mail (worn)
Jewellery
 j - a +3 ring of intelligence (left hand)
Scrolls
 h - a scroll of amnesia
 k - 2 scrolls of identify
 s - a scroll of blinking
Potions
 i - a potion of magic
 m - a potion of agility {unknown}
 o - a potion of flight {unknown}
Comestibles
 f - 6 rations


   Skills:
 + Level 5.4(4.0) Fighting
 + Level 2.7(1.5) Short Blades
 + Level 2.7(1.5) Long Blades
 + Level 2.7(1.5) Axes
 + Level 2.7(1.5) Maces & Flails
 + Level 7.1(5.7) Polearms
 + Level 2.7(1.5) Staves
 + Level 2.7(1.5) Slings
 + Level 2.7(1.5) Bows
 + Level 2.7(1.5) Crossbows
 + Level 5.4(4.0) Throwing
 + Level 2.7(1.5) Armour
 + Level 7.1(5.7) Dodging
 + Level 2.7(1.5) Stealth
 + Level 2.7(1.5) Shields
 + Level 2.7(1.5) Unarmed Combat
 + Level 2.7(1.5) Spellcasting
 + Level 2.2(1.0) Conjurations
 + Level 2.2(1.0) Hexes
 + Level 2.2(1.0) Charms
 + Level 2.2(1.0) Summonings
 + Level 2.2(1.0) Necromancy
 + Level 2.2(1.0) Translocations
 + Level 2.2(1.0) Transmutations
 + Level 2.2(1.0) Fire Magic
 + Level 2.2(1.0) Ice Magic
 + Level 2.2(1.0) Air Magic
 + Level 2.2(1.0) Earth Magic
 + Level 2.2(1.0) Poison Magic
 + Level 3.0(1.8) Invocations
 + Level 2.7(1.5) Evocations


You had 6 spell levels left.
You knew the following spells:

 Your Spells              Type           Power        Failure   Level  Hunger
a - Pain                  Necr           #...         32%         1    ##.....
b - Sublimation of Blood  Necr           #.........   45%         2    ###....
c - Corpse Rot            Necr           N/A          45%         2    ###....

Your spell library contained the following spells:

 Spells                   Type           Power        Failure   Level  Hunger
 Confusing Touch          Hex            #.....       32%         1    ##.....
 Confuse                  Hex            #.......     69%         3    ####...
 Gell's Gravitas          Tloc           #.........   69%         3    ####...
 Vampiric Draining        Necr           #.........   69%         3    ####...
 Petrify                  Tmut/Erth      #.......     97%         4    #####..
 Metabolic Englaciation   Hex/Ice        #.........   100%        5    ######.
 Yara's Violent Unravell  Hex/Tmut       #.........   100%        5    ######.


Dungeon Overview and Level Annotations

Branches:
Dungeon (6/15)             Temple (0/1) D:6

Altars:
Kikubaaqudgha
Nemelex Xobeh
Okawaru
Trog
The Shining One


Innate Abilities, Weirdness & Mutations

Your experience applies equally to all skills.
You have very sharp teeth.
Your uncanny sense of smell can sniff out nearby items.
You have large cloven feet.
You are partially covered in icy blue scales. (AC +2)
Your body sometimes deteriorates upon taking damage.


Message History

The wight hits you from afar with an enchanted spear.
You feel drained. The wight barely misses you. The wight closely misses you.
The wight barely misses you.
You see here a sky beast corpse.
There is a stone staircase leading up here.
The wight closely misses you. The wight hits you but does no damage.
The wight completely misses you.
You climb upwards.
There is a stone staircase leading down here.
You hit the wight.
The wight is severely damaged.
The wight hits you with a battleaxe!
The wight hits you with a flail of freezing!
* * * LOW HITPOINT WARNING * * *
You feel drained.
* * * LOW HITPOINT WARNING * * *
The wight freezes you.
You die...
Kikubaaqudgha rasps: "You have failed me!
Welcome... death!"

####### ##..|.)##
##.......##
#.........#
#.........#
#.........#
#.........#
#....@....####
##...z.......#########
#...z.....##.........#
#.........##########..
#.........# ###
#.........##### #
#............?## #
##.............##
##.............#


You could see 2 wights.

Vanquished Creatures
  A sky beast (D:6)
  An ogre (D:5)
  3 big kobolds (D:5)
  A wight (D:6)
  A howler monkey (D:5)
  3 crimson imps
  An orc priest (D:4)
  A bullfrog skeleton (D:5)
  A jelly (D:5)
  A worker ant (D:5)
  An adder (D:2)
  2 shadow imps (D:5)
  An ooze (D:2)
  A worm (D:2)
  2 dart slugs
  4 leopard geckos
  6 orcs
  6 bats
  2 giant cockroaches
  8 goblins
  10 hobgoblins
  6 jackals
  41 kobolds
  A quokka (D:2)
  5 frilled lizards
  A goblin skeleton (D:4)
  4 hobgoblin zombies (D:4)
  2 kobold skeletons (D:4)
  3 kobold zombies (D:4)
  2 orc zombies (D:4)
  4 rats
126 creatures vanquished.

Notes
Turn   | Place    | Note
-------+----------+-------------------------------------------
     0 | D:1      | roborgue7 the Gnoll Gladiator began the quest for the Orb.
     0 | D:1      | Reached XP level 1. HP: 20/20 MP: 1/1
   123 | D:1      | Reached XP level 2. HP: 23/26 MP: 2/2
   340 | D:1      | Reached XP level 3. HP: 31/31 MP: 3/3
   548 | D:2      | Reached skill level 1 in Invocations
   566 | D:2      | Reached skill level 1 in Short Blades
   566 | D:2      | Reached skill level 1 in Long Blades
   566 | D:2      | Reached skill level 1 in Axes
   566 | D:2      | Reached skill level 1 in Maces & Flails
   566 | D:2      | Reached skill level 1 in Staves
   566 | D:2      | Reached skill level 1 in Slings
   566 | D:2      | Reached skill level 1 in Bows
   566 | D:2      | Reached skill level 1 in Crossbows
   566 | D:2      | Reached skill level 1 in Armour
   566 | D:2      | Reached skill level 1 in Stealth
   566 | D:2      | Reached skill level 1 in Shields
   566 | D:2      | Reached skill level 1 in Unarmed Combat
   566 | D:2      | Reached skill level 1 in Spellcasting
   566 | D:2      | Reached skill level 1 in Evocations
   990 | D:2      | Found an ancient bone altar of Kikubaaqudgha.
   997 | D:2      | Became a worshipper of Kikubaaqudgha
  1009 | D:2      | Reached XP level 4. HP: 38/38 MP: 5/5
  1541 | D:3      | Reached * piety under Kikubaaqudgha
  1541 | D:3      | Identified Kikubaaqudgha's Volume of Evil Magic
                  | (Kikubaaqudgha gifted it to you on level 3 of the Dungeon)
  1541 | D:3      | Received a gift from Kikubaaqudgha
  1550 | D:4      | Found a glowing golden altar of the Shining One.
  1580 | D:4      | Reached skill level 1 in Conjurations
  1580 | D:4      | Reached skill level 1 in Hexes
  1580 | D:4      | Reached skill level 1 in Charms
  1580 | D:4      | Reached skill level 1 in Summonings
  1580 | D:4      | Reached skill level 1 in Necromancy
  1580 | D:4      | Reached skill level 1 in Translocations
  1580 | D:4      | Reached skill level 1 in Transmutations
  1580 | D:4      | Reached skill level 1 in Fire Magic
  1580 | D:4      | Reached skill level 1 in Ice Magic
  1580 | D:4      | Reached skill level 1 in Air Magic
  1580 | D:4      | Reached skill level 1 in Earth Magic
  1580 | D:4      | Reached skill level 1 in Poison Magic
  1580 | D:4      | Reached XP level 5. HP: 43/43 MP: 6/6
  1687 | D:4      | Gained mutation: You have large cloven feet. [potion of
                  | mutation]
  1687 | D:4      | Gained mutation: Your body sometimes deteriorates upon
                  | taking damage. [potion of mutation]
  1687 | D:4      | Gained mutation: You are partially covered in icy blue
                  | scales. (AC +2) [potion of mutation]
  1748 | D:5      | Entered Level 5 of the Dungeon
  1796 | D:5      | Found a bloodstained altar of Trog.
  1806 | D:5      | Learned a level 1 spell: Pain
  1810 | D:5      | Reached XP level 6. HP: 28/50 MP: 8/8
  1853 | D:5      | Reached skill level 5 in Fighting
  1853 | D:5      | Reached skill level 5 in Throwing
  2236 | D:5      | Reached XP level 7. HP: 44/56 MP: 10/10
  2416 | D:5      | Reached ** piety under Kikubaaqudgha
  2858 | D:5      | Found a sparkling altar of Nemelex Xobeh.
  3012 | D:6      | Found an iron altar of Okawaru.
  3039 | D:6      | Found a staircase to the Ecumenical Temple.
  3313 | D:5      | Learned a level 2 spell: Sublimation of Blood
  3316 | D:5      | Learned a level 2 spell: Corpse Rot
  3367 | D:5      | HP: 2/56 [wight/flail of freezing (4)]
  3367 | D:5      | Slain by a wight

Vault maps used:
D:1:      dpeg_arrival_shrine, hangedman_abyss_or_decor_stabs
D:2:      kiku_gazebo_garden_becter, led_sif_pool, first_ration
D:4:      kennysheep_little_box, zin_academy, hangedman_decor_riveting,
          nicolae_tso_besieged_by_evil
D:5:      minmay_goblin_kobold_castle, overflow_temple_1_default,
          grunt_ministairs_14, trog_three_pillars_becter
D:6:      okawaru_trees_1, minmay_temple_entry_mist

Skill      XL: |  1  2  3  4  5  6  7 |
---------------+----------------------+-----
Invocations    | 1 2 3 |  3.0
Short Blades   | 1 2 |  2.7
Long Blades    | 1 2 |  2.7
Axes           | 1 2 |  2.7
Maces & Flails | 1 2 |  2.7
Staves         | 1 2 |  2.7
Slings         | 1 2 |  2.7
Bows           | 1 2 |  2.7
Crossbows      | 1 2 |  2.7
Armour         | 1 2 |  2.7
Stealth        | 1 2 |  2.7
Shields        | 1 2 |  2.7
Unarmed Combat | 1 2 |  2.7
Spellcasting   | 1 2 |  2.7
Evocations     | 1 2 |  2.7
Conjurations   | 1 2 |  2.2
Hexes          | 1 2 |  2.2
Charms         | 1 2 |  2.2
Summonings     | 1 2 |  2.2
Necromancy     | 1 2 |  2.2
Translocations | 1 2 |  2.2
Transmutations | 1 2 |  2.2
Fire Magic     | 1 2 |  2.2
Ice Magic      | 1 2 |  2.2
Air Magic      | 1 2 |  2.2
Earth Magic    | 1 2 |  2.2
Poison Magic   | 1 2 |  2.2
Fighting       | 5 |  5.4
Throwing       | 5 |  5.4
Polearms       | 7 |  7.1
Dodging        | 7 |  7.1

Action                   |  1- 3 |  4- 6 |  7- 9 || total
-------------------------+-------+-------+-------++-------
Melee: Trident           |    85 |   101 |   106 ||   292
       Bite              |    12 |    13 |    19 ||    44
       Kick              |       |    19 |    32 ||    51
       Punch             |       |       |     1 ||     1
Throw: Throwing net      |     5 |       |       ||     5
       Stone             |     9 |   131 |    55 ||   195
 Cast: Pain              |       |       |     1 ||     1
  Use: Scroll            |     4 |     2 |     2 ||     8
       Potion            |     2 |     1 |       ||     3
 Stab: Distracted        |       |       |     1 ||     1
  Eat: Ration            |       |     2 |     1 ||     3
Armor: Leather armour    |    16 |    30 |    11 ||    57
       Ring mail         |       |       |     9 ||     9
Dodge: Dodged            |    50 |    86 |   102 ||   238

Table legend:
 A = Non-vault XP
 B = Vault XP
 C = Vault XP percentage of total XP
 D = Non-vault monster count
 E = Vault monster count
 F = Vault count percentage of total count
                 A         B        C        D         E       F
            +---------+---------+-------+---------+---------+-------
      Total |     657 |     532 |  44.7 |      71 |      55 |  43.7
            +---------+---------+-------+---------+---------+-------
        D:1 |      48 |       0 |   0.0 |      27 |       0 |   0.0
        D:2 |      62 |       0 |   0.0 |      23 |       0 |   0.0
        D:3 |       9 |       0 |   0.0 |       4 |       0 |   0.0
        D:4 |      50 |      62 |  55.4 |       4 |      13 |  76.5
        D:5 |     298 |     470 |  61.2 |      11 |      42 |  79.2
        D:6 |     190 |       0 |   0.0 |       2 |       0 |   0.0
            +---------+---------+-------+---------+---------+-------
